 Dungeon Crawl Stone Soup version 0.29-a0-307-gecccbbdb84 (webtiles) character file.

Game seed: 18429038803873665109

217 Dabor the Firebug (level 5, -7/33 HPs)
             Began as an Octopode Fire Elementalist on Mar 27, 2022.
             Mangled by an iguana (14 damage)
             ... on level 4 of the Dungeon.
             The game lasted 00:06:57 (4020 turns).

Dabor the Firebug (Octopode Fire Elementalist)      Turns: 4020, Time: 00:06:58

Health: -7/33      AC:  1    Str:  8    XL:     5   Next: 94%
Magic:  0/9        EV: 13    Int: 19    God:
Gold:   97         SH:  0    Dex: 12    Spells: 7/10 levels left

rFire   . . .      SeeInvis .   j - +2 whip (flame)
rCold   . . .      Faith    .   (no shield)
rNeg    . . .      Spirit   .   (helmet restricted)
rPois   .          Reflect  .   (no amulet)
rElec   .          Harm     .   (no ring)
rCorr   .          Rampage  .   (no ring)
Will    .....                   (no ring)
Stlth   +++.......              (no ring)
HPRegen 0.11/turn               (no ring)
MPRegen 0.11/turn               (no ring)
                                (no ring)
                                (no ring)

@: no status effects
A: almost no armour, amphibious, 8 rings, camouflage 1, gelatinous body 1,
(nimble swimmer 1), tentacles
a: no special abilities


You were on level 4 of the Dungeon.
You visited 1 branch of the dungeon, and saw 4 of its levels.

You collected 97 gold pieces.

Inventory:

Hand Weapons
 j - a +2 whip of flaming (weapon)
Magical Staves
 n - a staff of earth
Jewellery
 k - a ring of flight
Wands
 q - a wand of digging (3)
Scrolls
 b - a scroll of blinking
 c - 6 scrolls of teleportation
 d - a scroll of holy word
Potions
 a - a potion of magic
 f - 2 potions of attraction
 h - a potion of degeneration {unknown}
 i - a potion of berserk rage {unknown}
 l - 2 potions of curing {unknown}
 m - a potion of haste {unknown}
 o - a potion of resistance {unknown}


   Skills:
 + Level 1.5 Fighting
 * Level 3.2 Dodging
 - Level 3.2 Stealth
 * Level 3.0 Spellcasting
 * Level 2.5 Conjurations
 * Level 3.8 Fire Magic


You had 7 spell levels left.
You knew the following spells:

 Your Spells              Type           Power      Damage    Failure   Level
a - Foxfire               Conj/Fire      60%        2x1d7     4%          1
b - Scorch                Fire           34%        2d6       4%          2

Your spell library contained the following spells:

 Spells                   Type           Power      Damage    Failure   Level
 Shock                    Conj/Air       28%        1d4       9%          1
 Conjure Flame            Conj/Fire      15%        6-21      12%         3
 Inner Flame              Hex/Fire       10%        N/A       21%         3
 Flame Wave               Conj/Fire      15%        2d6       38%         4
 Swiftness                Air            2%         N/A       41%         3
 Airstrike                Air            1%         N/A       83%         4


Dungeon Overview and Level Annotations

Branches:
Dungeon (4/15)
 Temple: D:4-7

Altars:
Sif Muna


Innate Abilities, Weirdness & Mutations

You cannot wear most types of armour.
You are amphibious.
You can wear up to eight rings at the same time.
Your skin changes colour to match your surroundings (Stealth+).
Your rubbery body absorbs attacks. (AC +1, EV +1)
((You are camouflaged when in or above water. (Stealth+)))
You have tentacles for arms and can constrict up to eight enemies at once.


Message History

The goblin is severely wounded.
The goblin hits you with a +0 dagger.
You conjure some foxfire!
The goblin hits you with a +0 dagger.
Your foxfire dissipates!
The goblin attacks as you move away! The goblin hits you with a +0 dagger.
The foxfire hits the goblin.
You kill the goblin!
You are too injured to fight recklessly!
Found a pair of boots.
You see here a ball python corpse.
An ufetubus comes into view.
Found a stone staircase leading up.
The ufetubus shouts!
An iguana comes into view.
The ufetubus moves out of view.
The iguana hisses angrily.
You are too injured to fight recklessly!
Casting: Foxfire (safe; 4% risk of failure)
Press: ? - help, Q - select action, (/) - cycle Dir - look around, f - activate You conjure some foxfire!
The ufetubus hits you.
* * * LOW HITPOINT WARNING * * *
The ufetubus misses you. The ufetubus hits you.
* * * LOW HITPOINT WARNING * * *
The ufetubus closely misses you.
Casting: Foxfire (safe; 4% risk of failure)
Press: ? - help, Q - select action, (/) - cycle Dir - look around, f - activate You conjure some foxfire!
The foxfire hits the ufetubus.
The ufetubus is lightly wounded.
The foxfire hits the ufetubus.
The ufetubus is burned terribly!
You kill the ufetubus!
Casting: Foxfire (safe; 4% risk of failure)
Press: ? - help, Q - select action, (/) - cycle Dir - look around, f - activate You conjure some foxfire!
The foxfire hits the iguana but does no damage.
The foxfire hits the iguana.
The iguana is lightly wounded.
The iguana attacks as you move away! The iguana bites you!
You die...

#.##..###.#....... #####..####
#...)...........<..#..)...†..#
##.................+..........
##....###.........#S##...##.#
##..## ......## ##..##.# ##.#
..... #..##.# #.#######...#
#.###.# #.##....v#l###.#. #.
#.# #.##.#...@§...... #. #.#
#.##.#†#.#v##.#.# ..#
#.##.#.#.#.# #......#....
####.#)#...#. #.#.#.#...8
#.#.....#... #.....#...#.8
###....


You could see an iguana (ally target).

Vanquished Creatures
  A black bear (D:3)
  An iguana (D:4)
  Terence (D:3)
  An ufetubus (D:4)
  4 worms (D:2)
  2 dart slugs
  An orc (D:3)
  5 bats
  4 endoplasms
  3 giant cockroaches
  2 goblins (D:4)
  6 hobgoblins
  14 kobolds
  2 quokkas
  3 ball pythons
  3 frilled lizards
  5 rats
58 creatures vanquished.

Vanquished Creatures (collateral kills)
  3 foxfires (D:1)
3 creatures vanquished.

Vanquished Creatures (others)
  256 foxfires
  2 fungi (D:1)
  4 plants (D:1)
262 creatures vanquished.

Grand Total: 323 creatures vanquished

Notes
Turn   | Place    | Note
-------+----------+-------------------------------------------
     0 | D:1      | Dabor the Octopode Fire Elementalist began the quest for
                  | the Orb.
     0 | D:1      | Reached XP level 1. HP: 11/11 MP: 3/3
   209 | D:1      | Reached XP level 2. HP: 17/17 MP: 3/5
  1175 | D:1      | Found a faded altar of an unknown god.
  1233 | D:1      | Reached XP level 3. HP: 21/21 MP: 2/6
  1487 | D:1      | Learned a level 2 spell: Scorch
  2732 | D:2      | Found a shimmering blue altar of Sif Muna.
  3188 | D:2      | Reached XP level 4. HP: 27/27 MP: 0/7
  3402 | D:3      | Noticed Terence
  3409 | D:3      | Killed Terence
  3410 | D:3      | Reached skill level 1 in Fighting
  3534 | D:3      | Noticed a black bear
  3543 | D:3      | Killed a black bear
  3544 | D:3      | Reached XP level 5. HP: 14/33 MP: 0/9
  3881 | D:3      | You fall into a shaft and drop 1 floor!
  4020 | D:4      | Mangled by an iguana

Illustrated notes

Levels and vault maps discovered:
D:1:      wander_arrival_desolate, layout_rooms,
          shapermc_ecumenical_altar_mp_ritualfount
D:2:      layout_loops_cross, basic_altar
D:3:      layout_basic, nzn_hepliaklqana_mist_gate, cheibrodos_gnoll_hut,
          uniq_terence
D:4:      layout_loops_corners, minmay_temple_entry_sparse_star,
          portal_sewer_entry_e, corexii_item_surrounded_by_moat

Skill      XL: |  1  2  3  4  5 |
---------------+----------------+-----
Stealth        | 3 |  3.2
Fighting       | 1 |  1.5
Dodging        | 3 |  3.2
Conjurations   | 2 |  2.5
Spellcasting   | 3 |  3.0
Fire Magic     | |  3.8

Action                   |  1- 3 |  4- 6 || total
-------------------------+-------+-------++-------
Melee: Unarmed           |     6 |       ||     6
       Constrict         |     3 |     1 ||     4
       Tentacles         |     2 |     1 ||     3
       Whip              |     3 |     3 ||     6
 Cast: Foxfire           |   115 |    44 ||   159
       Scorch            |    10 |       ||    10
  Use: Scroll            |       |     7 ||     7
Armor: Skin              |     2 |     1 ||     3
Dodge: Dodged            |    13 |    12 ||    25

Table legend: (Time is in decaauts)
 A = Elapsed time spent in this place.
 B = Non-inter-level travel time spent in this place.
 C = Inter-level travel time spent in this place.
 D = Time resting spent in this place.
 E = Time spent auto-exploring this place.
 F = Levels seen in this place.
 G = Mean time per level.
                   A        B        C        D        E       F      G
               +--------+--------+--------+--------+--------+-----+--------+
         Total |   4020 |   3938 |     82 |   1205 |   2108 |   4 | 1005.0 |
       Dungeon |   4020 |   3938 |     82 |   1205 |   2108 |   4 | 1005.0 |
               +--------+--------+--------+--------+--------+-----+--------+

Top non-repeatable levels by time:
     D:1: 1761 daAuts
     D:2: 1565 daAuts
     D:3: 555 daAuts
     D:4: 138 daAuts
